[Event "Czech Youth U14 Boys 2024"]
[Site "Kouty nad Desnou"]
[Date "2024.03.09"]
[Round "1.1"]
[White "Komarek, Tobias"]
[Black "Topencik, Bruno"]
[Result "0-1"]
[ECO "A40"]
[WhiteElo "1822"]
[BlackElo "2006"]
[Annotator "RC"]
[PlyCount "84"]
[EventDate "2024.03.10"]
[EventType "swiss"]
[EventRounds "9"]
[EventCountry "CZE"]
[SourceTitle "playchess.com"]
[Source "ChessBase"]
[SourceQuality "1"]
[TimeControl "40/5400+30:1800+30"]

1. d4 Nf6 2. c4 e6 3. g3 Bb4+ 4. Bd2 Bxd2+ 5. Nxd2 d5 6. Bg2 O-O 7. Ngf3 c6 8. O-O Nbd7 9. Qc2 b6 10. e4 dxe4 11. Nxe4 Nxe4 12. Qxe4 Bb7 13. Rfd1 Qe7 14. Ne5 Nxe5 15. Qxe5 Qf6 16. Qxf6 gxf6 17. d5 cxd5 18. cxd5 exd5 19. Bxd5 Bxd5 20. Rxd5 Rac8 21. Rd7 Rc2 22. b4 Re8 23. Rxa7 Ree2 24. Rf1 b5 25. a3 Ra2 26. Ra5 Re5 27. Rd1 Ree2 28. Rf1 Re5 29. Kg2 Kg7 30. g4 Rd5 31. h3 Re5 32. Kg3 Rd5 33. f4 h5 34. Rf3 hxg4 35. Kxg4 f5+ 36. Kh4 Kh7 37. Kg5 Rg2+ 38. Kh4 Rd6 39. Rg3 Rh6+ 40. Kg5 Rxg3+ 41. Kxf5 Rgxh3 42. Ke4 Kg7 0-1

[Event "Czech Youth U14 Boys 2024"]
[Site "Kouty nad Desnou"]
[Date "2024.03.09"]
[Round "1.2"]
[White "Martirosyan, David"]
[Black "Kutil, Adam"]
[Result "1-0"]
[ECO "E61"]
[WhiteElo "1981"]
[BlackElo "1820"]
[Annotator "RC"]
[PlyCount "67"]
[EventDate "2024.03.10"]
[EventType "swiss"]
[EventRounds "9"]
[EventCountry "CZE"]
[SourceTitle "playchess.com"]
[Source "ChessBase"]
[SourceQuality "1"]
[TimeControl "40/5400+30:1800+30"]

1. d4 Nf6 2. c4 g6 3. Nc3 Bg7 4. Nf3 O-O 5. Bg5 d6 6. e3 Nbd7 7. Be2 e5 8. dxe5 dxe5 9. O-O h6 10. Bh4 g5 11. Bg3 Nh5 12. Bxe5 Nxe5 13. Nxe5 Bxe5 14. Bxh5 g4 15. Bxg4 Qh4 16. h3 Rd8 17. Qe2 f5 18. Bf3 Kh8 19. Rfd1 Rg8 20. Kf1 c6 21. Rac1 Be6 22. b3 Rae8 23. Na4 Bc8 24. Nc5 Bh2 25. Qd3 Qe7 26. Na4 Be5 27. Qe2 Qg5 28. Qc2 Rg7 29. Nc5 Bc7 30. Nd3 f4 31. e4 Bb6 32. Qc3 Rd8 33. Ne5 Re8 34. Nf7+ 1-0

[Event "Czech Youth U14 Boys 2024"]
[Site "Kouty nad Desnou"]
[Date "2024.03.09"]
[Round "1.3"]
[White "Mydlar, Matej"]
[Black "Stary, Vojtech"]
[Result "1-0"]
[ECO "B32"]
[WhiteElo "1819"]
[BlackElo "1950"]
[Annotator "RC"]
[PlyCount "89"]
[EventDate "2024.03.10"]
[EventType "swiss"]
[EventRounds "9"]
[EventCountry "CZE"]
[SourceTitle "playchess.com"]
[Source "ChessBase"]
[SourceQuality "1"]
[TimeControl "40/5400+30:1800+30"]

1. e4 c5 2. Nf3 Nc6 3. d4 cxd4 4. Nxd4 e5 5. Nb5 a6 6. Nd6+ Bxd6 7. Qxd6 Qe7 8. Qxe7+ Ngxe7 9. Bc4 Nd4 10. Na3 b5 11. c3 Ne6 12. Bxe6 fxe6 13. c4 Bb7 14. f3 b4 15. Nc2 a5 16. O-O Ba6 17. b3 Nc6 18. Rd1 h6 19. Be3 g5 20. h3 Rg8 21. Bc5 h5 22. Ne3 Rg7 23. Rd6 Ne7 24. Rad1 Ng6 25. Bb6 Bb7 26. g3 Bc6 27. R1d2 Rf7 28. Kg2 h4 29. Ng4 hxg3 30. Kxg3 a4 31. Bc5 axb3 32. axb3 Ra3 33. R6d3 Nf4 34. Bxb4 Ra1 35. Re3 Nh5+ 36. Kh2 Rh7 37. Bc3 Rb1 38. Bxe5 Kf7 39. Bd6 Ke8 40. b4 Ba4 41. b5 e5 42. Bxe5 Rb4 43. Rc3 Rf7 44. Bd6 Rb1 45. Ra3 1-0

[Event "Czech Youth U14 Boys 2024"]
[Site "Kouty nad Desnou"]
[Date "2024.03.09"]
[Round "1.4"]
[White "Kroulik, Vaclav"]
[Black "Stara, Zuzana"]
[Result "1-0"]
[ECO "B11"]
[WhiteElo "1936"]
[BlackElo "1807"]
[Annotator "RC"]
[PlyCount "79"]
[EventDate "2024.03.10"]
[EventType "swiss"]
[EventRounds "9"]
[EventCountry "CZE"]
[SourceTitle "playchess.com"]
[Source "ChessBase"]
[SourceQuality "1"]
[TimeControl "40/5400+30:1800+30"]

1. e4 c6 2. Nf3 d5 3. Nc3 Bg4 4. h3 Bxf3 5. Qxf3 e6 6. d3 Nd7 7. Qg3 a6 8. Be2 Ne7 9. h4 Rc8 10. Be3 Qc7 11. Qh3 Qd6 12. d4 Qb4 13. O-O-O Qa5 14. Kb1 b5 15. Bd3 Qc7 16. f4 dxe4 17. Bxe4 f5 18. Bf3 Nd5 19. Nxd5 cxd5 20. g4 Ba3 21. Bc1 Qxc2+ 22. Ka1 Be7 23. gxf5 Qxf5 24. Bg4 Qc2 25. Bxe6 Qc6 26. Bd2 Qd6 27. Bb4 Qc6 28. Bxe7 Kxe7 29. Rhe1 Kd8 30. Qf5 Re8 31. Qg5+ Re7 32. Qxe7+ Kxe7 33. Bxd5+ Kf6 34. Bxc6 Rxc6 35. d5 Rd6 36. Rd4 Nc5 37. Rc1 Nd7 38. Rc6 Rxc6 39. dxc6 Nb6 40. c7 1-0

[Event "Czech Youth U14 Boys 2024"]
[Site "Kouty nad Desnou"]
[Date "2024.03.09"]
[Round "1.5"]
[White "Sotek, Simon"]
[Black "Vana, Jan"]
[Result "0-1"]
[ECO "B30"]
[WhiteElo "1793"]
[BlackElo "1908"]
[Annotator "RC"]
[PlyCount "66"]
[EventDate "2024.03.10"]
[EventType "swiss"]
[EventRounds "9"]
[EventCountry "CZE"]
[SourceTitle "playchess.com"]
[Source "ChessBase"]
[SourceQuality "1"]
[TimeControl "40/5400+30:1800+30"]

1. e4 c5 2. Nf3 Nc6 3. Nc3 e5 4. Bc4 Be7 5. d3 d6 6. Be3 Nf6 7. h3 O-O 8. Qd2 Nd4 9. Bxd4 cxd4 10. Nd5 Bd7 11. g4 Nxd5 12. Bxd5 Be6 13. Bb3 a5 14. c4 d5 15. a3 dxe4 16. dxe4 f6 17. Qd3 Kh8 18. Ba4 Qc7 19. Rc1 Rad8 20. Bb5 g6 21. Nd2 f5 22. f3 Bg5 23. Rd1 Qf7 24. exf5 gxf5 25. gxf5 Bxf5 26. Ne4 Be3 27. Ke2 Qg6 28. Rh2 Bg1 29. Rxg1 Qxg1 30. Rf2 Bxe4 31. Qxe4 d3+ 32. Kd2 Qxf2+ 33. Kc3 Qc2# 0-1

[Event "Czech Youth U14 Boys 2024"]
[Site "Kouty nad Desnou"]
[Date "2024.03.09"]
[Round "1.7"]
[White "Gregor, Alexandr"]
[Black "Svadlenka, Dominik"]
[Result "0-1"]
[ECO "B12"]
[WhiteElo "1777"]
[BlackElo "1888"]
[Annotator "NA RC"]
[PlyCount "64"]
[EventDate "2024.03.10"]
[EventType "swiss"]
[EventRounds "9"]
[EventCountry "CZE"]
[SourceTitle "playchess.com"]
[Source "ChessBase"]
[SourceQuality "1"]
[TimeControl "40/5400+30:1800+30"]

1. e4 c6 2. d4 d5 3. e5 c5 4. c3 Nc6 5. Nf3 Bg4 6. Be2 e6 7. O-O Qc7 8. Be3 Nge7 9. a4 Nf5 10. Na3 a6 11. Qd2 Be7 12. Rab1 Qa5 13. Qd1 cxd4 14. cxd4 Bxf3 15. Bxf3 Qb4 16. Nc2 Qxa4 17. Qd2 O-O 18. b4 Qb5 19. Be2 Qb6 20. b5 axb5 21. Rxb5 Qc7 22. Rfb1 Rfb8 23. Qc3 Nxe3 24. Nxe3 Bd8 25. g3 b6 26. Qb2 Ra4 27. Nc2 Rba8 28. Qc3 Nxd4 29. Qxc7 Nxe2+ 30. Kf1 Nxg3+ 31. hxg3 Bxc7 32. f4 g5 0-1

[Event "Czech Youth U14 Boys 2024"]
[Site "Kouty nad Desnou"]
[Date "2024.03.09"]
[Round "1.8"]
[White "Svadlenka, Michal"]
[Black "Jezek, Jakub"]
[Result "1-0"]
[ECO "B26"]
[WhiteElo "1869"]
[BlackElo "1854"]
[Annotator "NA RC"]
[PlyCount "135"]
[EventDate "2024.03.10"]
[EventType "swiss"]
[EventRounds "9"]
[EventCountry "CZE"]
[SourceTitle "playchess.com"]
[Source "ChessBase"]
[SourceQuality "1"]
[TimeControl "40/5400+30:1800+30"]

1. e4 c5 2. Nc3 Nc6 3. g3 g6 4. Bg2 Bg7 5. d3 d6 6. Be3 e6 7. Qd2 Nd4 8. Nd1 Ne7 9. c3 Ndc6 10. Bh6 O-O 11. h4 f5 12. h5 Rf7 13. Nf3 e5 14. hxg6 Nxg6 15. Ng5 Rc7 16. exf5 Bxf5 17. Bd5+ Kh8 18. Nf7+ Rxf7 19. Bxf7 Qf6 20. Bd5 Re8 21. Bxg7+ Qxg7 22. Be4 Be6 23. Qg5 Bf7 24. Ne3 Nce7 25. c4 b5 26. Ng4 d5 27. cxd5 Nxd5 28. O-O-O Rc8 29. Bxg6 Bxg6 30. Qxe5 Nb4 31. Qxg7+ Kxg7 32. Ne5 Nxa2+ 33. Kb1 Nb4 34. Nxg6 hxg6 35. Rhe1 Rc7 36. Re5 Kf6 37. f4 a6 38. b3 Rc6 39. Kb2 Re6 40. Rxc5 Re3 41. Kc3 Na2+ 42. Kd4 Rxg3 43. Ke4 b4 44. Re1 Nc3+ 45. Kd4 Rf3 46. Rc6+ Kf7 47. Rxa6 Rxf4+ 48. Kc5 g5 49. d4 Ne4+ 50. Kxb4 Nd2 51. Kc3 Rxd4 52. Kxd4 Nf3+ 53. Ke3 Nxe1 54. Ra2 g4 55. Kf4 Nd3+ 56. Kxg4 Ke6 57. Rd2 Nb4 58. Kf4 Na6 59. Ke3 Ke5 60. Rd8 Ke6 61. Kd3 Nc5+ 62. Kc4 Nd7 63. Kb5 Kd6 64. b4 Kc7 65. Rxd7+ Kxd7 66. Kb6 Kc8 67. Ka7 Kc7 68. b5 1-0

[Event "Czech Youth U14 Boys 2024"]
[Site "Kouty nad Desnou"]
[Date "2024.03.09"]
[Round "1.9"]
[White "Pogorelskiy, Boris"]
[Black "Krivka, Matej"]
[Result "0-1"]
[ECO "B56"]
[WhiteElo "1747"]
[BlackElo "1850"]
[Annotator "NA RC"]
[PlyCount "116"]
[EventDate "2024.03.10"]
[EventType "swiss"]
[EventRounds "9"]
[EventCountry "CZE"]
[SourceTitle "playchess.com"]
[Source "ChessBase"]
[SourceQuality "1"]
[TimeControl "40/5400+30:1800+30"]

1. e4 c5 2. Nf3 Nc6 3. d4 cxd4 4. Nxd4 Nf6 5. Nc3 d6 6. Be3 e5 7. Nf3 h6 8. Bc4 Be6 9. Bb3 Be7 10. h3 O-O 11. O-O Na5 12. Qe2 Nxb3 13. axb3 a6 14. Rfd1 Qc7 15. Nd5 Nxd5 16. exd5 Bd7 17. c4 f5 18. Rac1 f4 19. Bd2 Qc8 20. Kh2 Qe8 21. Bc3 Rc8 22. Nd2 Qg6 23. Qf3 Bf5 24. Re1 Bh4 25. Ba5 Rce8 26. Ne4 Bxe4 27. Qxe4 Qxe4 28. Rxe4 Bxf2 29. Rf1 Be3 30. Bb4 Rd8 31. Be1 Bd4 32. Bc3 Be3 33. Be1 Rc8 34. Bf2 Bxf2 35. Rxf2 Rc7 36. Kg1 g5 37. Rf3 b5 38. Rc3 b4 39. Rd3 Rc5 40. Kf2 Kg7 41. Kf3 Kg6 42. Rd1 h5 43. Rde1 Kf5 44. g4+ fxg3 45. Kxg3 Kg6 46. Ra1 a5 47. Kg2 Rf7 48. Kg3 Ra7 49. Ra4 Rc8 50. Re1 Re8 51. Rea1 Rea8 52. Kf3 Rf7+ 53. Ke3 Raf8 54. c5 Rf3+ 55. Ke2 Rxh3 56. c6 Rxb3 57. c7 Rxb2+ 58. Kd3 Rb3+ 0-1

[Event "Czech Youth U14 Boys 2024"]
[Site "Kouty nad Desnou"]
[Date "2024.03.09"]
[Round "1.10"]
[White "Roubal, Matyas"]
[Black "Srba, Daniel"]
[Result "1-0"]
[ECO "B38"]
[WhiteElo "1849"]
[BlackElo "1742"]
[Annotator "NA RC"]
[PlyCount "53"]
[EventDate "2024.03.10"]
[EventType "swiss"]
[EventRounds "9"]
[EventCountry "CZE"]
[SourceTitle "playchess.com"]
[Source "ChessBase"]
[SourceQuality "1"]
[TimeControl "40/5400+30:1800+30"]

1. e4 c5 2. Nf3 g6 3. d4 cxd4 4. Nxd4 Bg7 5. c4 Nc6 6. Be3 Nf6 7. Nc3 O-O 8. Be2 d6 9. O-O Bd7 10. Qd2 Rc8 11. f3 Re8 12. Nxc6 Rxc6 13. b4 a6 14. Rfd1 Rc8 15. Rac1 b6 16. c5 b5 17. cxd6 e6 18. e5 Rxc3 19. Qxc3 Nd5 20. Qd4 Qb8 21. f4 Bc8 22. Bf3 Bb7 23. Bxd5 Bxd5 24. Qa7 Qxa7 25. Bxa7 Rd8 26. Rxd5 exd5 27. Bb6 1-0

[Event "Czech Youth U14 Boys 2024"]
[Site "Kouty nad Desnou"]
[Date "2024.03.09"]
[Round "1.11"]
[White "Lorenc, Matej"]
[Black "Popov, Roman"]
[Result "0-1"]
[ECO "D17"]
[WhiteElo "1637"]
[BlackElo "2353"]
[Annotator "TA"]
[PlyCount "52"]
[EventDate "2024.03.10"]
[EventType "swiss"]
[EventRounds "9"]
[EventCountry "CZE"]
[SourceTitle "playchess.com"]
[Source "ChessBase"]
[SourceQuality "1"]
[TimeControl "40/5400+30:1800+30"]

1. d4 d5 2. c4 c6 3. Nf3 Nf6 4. Nc3 dxc4 5. a4 Bf5 6. Bg5 Nbd7 7. e3 Qa5 8. Bxc4 Ne4 {[%cal Of5g4] ...Bg4! would now be deadly. The position is equal.} 9. Qb3 e6 $2 (9... Nd6 $11) 10. O-O $2 (10. Qxb7 $18 Rb8 11. Qxc6 Nxc3 12. Ne5 (12. bxc3 $2 Qxc3+ 13. Kf1 Bd3+ 14. Bxd3 Qxc6 $19) 12... Nd5+ (12... Nxa4+ $2 13. Ke2 $18) 13. Ke2) 10... Bb4 ({Better is} 10... Nxg5 $11 11. Nxg5 Nb6) 11. Nxe4 $14 Bxe4 {[#]} 12. Bxe6 $1 O-O $1 {[#] And now ...Bxf3 would win.} 13. Bf4 Bxf3 $1 $11 (13... fxe6 $2 {perishes.} 14. Qxe6+ Kh8 15. Qxe4 $18 (15. Qxd7 Rae8 $18)) 14. gxf3 $2 (14. Bxd7 $11 {and White has nothing to worry.} Bd5 15. Qd3 Bxg2 16. Rfc1 (16. Kxg2 Qd5+ 17. e4 Qxd7 $11)) 14... fxe6 $19 15. Qxe6+ Rf7 16. Kh1 (16. Be5 $142) 16... Qd5 17. Qxd5 cxd5 18. Rac1 Nb6 19. b3 Rc8 20. Rxc8+ Nxc8 21. Rc1 Nd6 22. Kg2 Kf8 23. Bxd6+ Bxd6 24. e4 $2 (24. Rc8+ {was worth a try.} Ke7 25. Rg8) 24... Rc7 25. Rxc7 (25. Rb1 $142) 25... Bxc7 26. e5 Bb6 {Weighted Error Value: White=0.69/Black=0.39.  Loses game:     	White=1     	---        Missed win:     	White=1     	---        Mistake:       	White=4     	Black=2      Inaccurate:     	White=1     	Black=3      OK:         	White=6     	Black=3      Best:        	---       	Black=2      Strong:       	---       	Black=2      Brilliant:      	White=1     	---} 0-1

[Event "Czech Youth U14 Boys 2024"]
[Site "Kouty nad Desnou"]
[Date "2024.03.09"]
[Round "1.12"]
[White "Soucek, Andrej"]
[Black "Trcalek, Filip"]
[Result "1-0"]
[ECO "E06"]
[WhiteElo "1825"]
[BlackElo "1615"]
[Annotator "NA RC"]
[PlyCount "59"]
[EventDate "2024.03.10"]
[EventType "swiss"]
[EventRounds "9"]
[EventCountry "CZE"]
[SourceTitle "playchess.com"]
[Source "ChessBase"]
[SourceQuality "1"]
[TimeControl "40/5400+30:1800+30"]

1. d4 d5 2. c4 e6 3. Nf3 Nf6 4. g3 Be7 5. Bg2 O-O 6. O-O dxc4 7. Qc2 c5 8. Qxc4 Qb6 9. Nc3 cxd4 10. Nxd4 a6 11. Bf4 Bd6 12. Na4 Qd8 13. Bxd6 Qxd6 14. Rfd1 Qe7 15. Nb6 Qe8 16. Nxa8 e5 17. Nb3 Be6 18. Qc3 Qe7 19. Nb6 Bf5 20. Nd5 Nxd5 21. Rxd5 Re8 22. Rad1 Nc6 23. Qc5 Qg5 24. Rd6 h6 25. Qe3 Qe7 26. Be4 Be6 27. Qd2 Bxb3 28. Bxc6 Bxd1 29. Bxe8 Bxe2 30. Rd7 1-0

[Event "Czech Youth U14 Boys 2024"]
[Site "Kouty nad Desnou"]
[Date "2024.03.10"]
[Round "2.1"]
[White "Topencik, Bruno"]
[Black "Svadlenka, Michal"]
[Result "1/2-1/2"]
[ECO "E61"]
[WhiteElo "2006"]
[BlackElo "1869"]
[Annotator "RC"]
[PlyCount "88"]
[EventDate "2024.03.10"]
[EventType "swiss"]
[EventCountry "CZE"]
[SourceTitle "playchess.com"]
[Source "ChessBase"]
[SourceQuality "1"]
[TimeControl "40/5400+30:1800+30"]

1. d4 Nf6 2. c4 g6 3. Nc3 Bg7 4. Nf3 O-O 5. Bg5 d6 6. e3 Nbd7 7. Be2 Qe8 8. Qc2 e5 9. O-O exd4 10. Nxd4 Nc5 11. Bf3 Ne6 12. Bxf6 Bxf6 13. Ndb5 a6 14. Nd5 Bd8 15. Nbc3 c6 16. Nb4 Ng5 17. Be2 Bf5 18. Qd2 Bc7 19. Nc2 Ne4 20. Nxe4 Bxe4 21. Nd4 c5 22. Nb3 Qe5 23. Rac1 b6 24. Qc3 Rad8 25. Rfd1 Bc6 26. Bf3 Bxf3 27. Qxe5 dxe5 28. gxf3 Rxd1+ 29. Rxd1 Rd8 30. Rd5 f5 31. Nd2 Kf7 32. Rxd8 Bxd8 33. Nb1 Ke6 34. Nc3 Kd6 35. Kg2 Kc6 36. b3 b5 37. Nd5 g5 38. f4 Kd6 39. fxg5 Bxg5 40. Kf3 h5 41. Kg3 Bd8 42. Nc3 bxc4 43. bxc4 Ke6 44. Nd5 Kd6 1/2-1/2

[Event "Czech Youth U14 Boys 2024"]
[Site "Kouty nad Desnou"]
[Date "2024.03.10"]
[Round "2.2"]
[White "Krivka, Matej"]
[Black "Martirosyan, David"]
[Result "0-1"]
[ECO "B15"]
[WhiteElo "1850"]
[BlackElo "1981"]
[Annotator "RC"]
[PlyCount "88"]
[EventDate "2024.03.10"]
[EventType "swiss"]
[EventCountry "CZE"]
[SourceTitle "playchess.com"]
[Source "ChessBase"]
[SourceQuality "1"]
[TimeControl "40/5400+30:1800+30"]

1. e4 c6 2. d4 d5 3. Nc3 dxe4 4. Nxe4 Nf6 5. Nxf6+ exf6 6. c3 Bd6 7. Bd3 O-O 8. Qc2 Re8+ 9. Ne2 h5 10. Be3 Nd7 11. O-O-O Nf8 12. c4 Be6 13. Nc3 Rc8 14. Kb1 Bb4 15. Ne4 Be7 16. Ng3 g6 17. Ne2 b5 18. Nf4 f5 19. h3 Bg5 20. g4 Bxf4 21. Bxf4 fxg4 22. hxg4 Bxg4 23. Rdg1 Qxd4 24. Be3 Qd7 25. Bh6 Rcd8 26. Rg3 bxc4 27. Qxc4 Qd5 28. Rc1 Qxc4 29. Rxc4 Rxd3 30. Rcxg4 Rxg3 31. Rxg3 Ne6 32. Rc3 g5 33. Bxg5 Nxg5 34. Rg3 f6 35. f4 Re4 36. fxg5 Rg4 37. Rh3 Rxg5 38. Kc2 Kf7 39. Kd3 Kg6 40. Kc4 Rg2 41. Kb3 Rg4 42. Rc3 h4 43. Rxc6 h3 44. Rc2 Rh4 0-1

[Event "Czech Youth U14 Boys 2024"]
[Site "Kouty nad Desnou"]
[Date "2024.03.10"]
[Round "2.3"]
[White "Roubal, Matyas"]
[Black "Kroulik, Vaclav"]
[Result "1-0"]
[ECO "B56"]
[WhiteElo "1849"]
[BlackElo "1936"]
[Annotator "RC"]
[PlyCount "89"]
[EventDate "2024.03.10"]
[EventType "swiss"]
[EventCountry "CZE"]
[SourceTitle "playchess.com"]
[Source "ChessBase"]
[SourceQuality "1"]
[TimeControl "40/5400+30:1800+30"]

1. e4 c5 2. Nf3 d6 3. d4 cxd4 4. Nxd4 Nf6 5. Nc3 Nc6 6. f3 e5 7. Nb3 Be7 8. Be3 Be6 9. Nd5 Bxd5 10. exd5 Nb8 11. Qd2 Nbd7 12. Na5 Qc7 13. c4 O-O 14. Be2 Nh5 15. O-O f5 16. b4 Nf4 17. Bxf4 exf4 18. Qxf4 Qb6+ 19. Kh1 Qxb4 20. Nb3 Bf6 21. Rab1 Be5 22. Qe3 Rae8 23. Qxa7 Ra8 24. Qe3 f4 25. Qe4 Nf6 26. Qc2 Qa4 27. Rfe1 Qxa2 28. Qxa2 Rxa2 29. Nc1 Ra7 30. Nd3 Nd7 31. Nxe5 Nxe5 32. Rb6 Rc8 33. Rxd6 Nxc4 34. Bxc4 Rxc4 35. Rd8+ Kf7 36. Rd7+ Kf8 37. h4 Ra5 38. Kh2 Rd4 39. Rc1 Ke8 40. Rxg7 Raxd5 41. Rc8+ Rd8 42. Rxd8+ Rxd8 43. Rxb7 Rd7 44. Rb8+ Rd8 45. Rb4 1-0

[Event "Czech Youth U14 Boys 2024"]
[Site "Kouty nad Desnou"]
[Date "2024.03.10"]
[Round "2.4"]
[White "Vana, Jan"]
[Black "Soucek, Andrej"]
[Result "0-1"]
[ECO "C77"]
[WhiteElo "1908"]
[BlackElo "1825"]
[Annotator "RC"]
[PlyCount "92"]
[EventDate "2024.03.10"]
[EventType "swiss"]
[EventCountry "CZE"]
[SourceTitle "playchess.com"]
[Source "ChessBase"]
[SourceQuality "1"]
[TimeControl "40/5400+30:1800+30"]

1. e4 e5 2. Nf3 Nc6 3. Bb5 a6 4. Ba4 Nf6 5. d3 b5 6. Bb3 Bc5 7. Nc3 d6 8. Nd5 h6 9. c3 O-O 10. O-O Ba7 11. Be3 Na5 12. Nxf6+ Qxf6 13. Bc2 Nc6 14. Bxa7 Rxa7 15. h3 Ne7 16. Kh2 g5 17. Ng1 Kh7 18. Qf3 Qg6 19. g4 Qg7 20. a4 Rb7 21. axb5 axb5 22. b4 Ng6 23. Ra5 Nh4 24. Qe3 Qf6 25. Rfa1 h5 26. Bd1 hxg4 27. Bxg4 Bxg4 28. hxg4 Kg6 29. Ra8 Rbb8 30. Rxb8 Rxb8 31. f3 Qf4+ 32. Qxf4 gxf4 33. Ra7 Rh8 34. Rxc7 Nxf3+ 35. Kg2 Nxg1 36. Kxg1 Kg5 37. Rxf7 Kxg4 38. Rf6 Kf3 39. Rxd6 Ke2 40. d4 f3 41. Rf6 Rg8+ 42. Kh2 f2 43. dxe5 f1=Q 44. Rxf1 Kxf1 45. e6 Kf2 46. Kh3 Kf3 0-1

[Event "Czech Youth U14 Boys 2024"]
[Site "Kouty nad Desnou"]
[Date "2024.03.10"]
[Round "2.5"]
[White "Popov, Roman"]
[Black "Migalko, Dmitriy"]
[Result "1-0"]
[ECO "A13"]
[WhiteElo "2353"]
[BlackElo "1896"]
[Annotator "TA"]
[PlyCount "101"]
[EventDate "2024.03.10"]
[EventType "swiss"]
[EventCountry "CZE"]
[SourceTitle "playchess.com"]
[Source "ChessBase"]
[SourceQuality "1"]
[TimeControl "40/5400+30:1800+30"]

1. c4 e6 2. Nf3 d5 3. e3 Nf6 4. Nc3 Be7 5. b3 Nbd7 6. Be2 O-O 7. O-O b6 8. Bb2 Bb7 9. d4 Ne4 10. Qc2 f5 11. Rac1 c6 {[%emt 0:14:58] The position is equal.} 12. Ne1 Bd6 13. g3 Qg5 14. Bf3 h5 15. Ng2 Qh6 16. h4 Ndf6 17. Nf4 Rae8 18. Qe2 (18. Nxe4 $11 {remains equal.} dxe4 19. Be2) 18... Ng4 (18... g5 $17 19. hxg5 Nxg5) 19. Kg2 (19. Nxe4 {simplifies} dxe4 20. Bxg4 hxg4 21. Rfd1) 19... g6 ({Black should play} 19... Nef6 $11) 20. Rcd1 ({White should try} 20. cxd5 $14 Nxc3 21. Bxc3 exd5 22. Qd2) 20... Ngf6 21. Rc1 Ba6 (21... g5 22. hxg5 Nxg5 23. Bxh5 (23. Rh1 Nxf3 24. Qxf3 Bxf4 $15) 23... Nxh5 24. Qxh5 Qxh5 25. Nxh5 $16) 22. Nd1 (22. Qc2 $14) 22... Bb4 (22... g5 $6 23. hxg5 Nxg5 24. Rh1 $16) (22... Rf7 $15) 23. Bc3 ({Better is} 23. Qc2) 23... Bxc3 (23... Ba3 $11 24. Bb2 Bd6) 24. Nxc3 $16 Nxc3 25. Rxc3 {[%emt 0:00:01] aiming for Qb2.} Ne4 26. Rcc1 e5 (26... Qg7 $16 27. Rfd1 Kh7) 27. dxe5 $18 Rxe5 (27... Qg7 $142 28. Qb2 dxc4) 28. Nd3 $2 (28. Qb2 $18 Ree8 29. Qa3) 28... Ree8 29. Nb4 Bb7 30. cxd5 cxd5 31. Rc7 Rf7 32. Rfc1 Qf8 33. Nd3 $36 {[%emt 0:00:32][%mdl 2048] White has strong initiative. White is more active.} Nc5 $2 {[%emt 0:01:32] This move loses the game for Black.} 34. Rxf7 Kxf7 35. Nxc5 bxc5 36. Qb5 Qe7 37. Rxc5 Rd8 38. Qa5 {[%emt 0:00:30][%cal Oc5c7] [#] Rc7! is the strong threat.} (38. Bxd5+ $2 {loses.} Bxd5+ 39. Kh2 Qe4 $19) 38... d4 {[%emt 0:00:26] And now ...Bxf3+ would win.} 39. Rc7 (39. Qxa7 $2 {is the wrong capture.} Bxf3+ 40. Kxf3 Qxa7 $19) 39... Bxf3+ 40. Kxf3 Rd7 41. Rxd7 Qxd7 42. exd4 Qxd4 {[%emt 0:00:23][%csl Gf5][%cal Rd4e4][%mdl 4096] [#] Endgame. KQ-KQ} 43. Qc7+ Kf8 44. Qc4 Qa1 (44... Qd6 45. b4 Kg7) 45. Qb4+ Kg7 46. Qe7+ Kg8 47. Qd8+ ({Much less strong is} 47. Qxa7 Qe5 48. Qe3 Qd5+ 49. Ke2 Kh7 $18) 47... Kh7 48. Qc7+ Kh8 49. Qb8+ {[%emt 0:00:07] White is clearly winning.} Kg7 50. Qxa7+ Kh8 51. Kg2 {[%emt 0:01:19] Weighted Error Value: White=0.26 (precise) /Black=0.43.  Loses game:     	---       	Black=1      Missed win:     	White=1     	---        Mistake:       	White=4     	Black=7      Inaccurate:     	White=2     	Black=4      OK:         	White=18    	Black=14     Best:        	White=3     	Black=2} 1-0

[Event "Czech Youth U14 Boys 2024"]
[Site "Kouty nad Desnou"]
[Date "2024.03.10"]
[Round "2.6"]
[White "Svadlenka, Dominik"]
[Black "Mydlar, Matej"]
[Result "0-1"]
[ECO "E33"]
[WhiteElo "1888"]
[BlackElo "1819"]
[Annotator "NA RC"]
[PlyCount "176"]
[EventDate "2024.03.10"]
[EventType "swiss"]
[EventCountry "CZE"]
[SourceTitle "playchess.com"]
[Source "ChessBase"]
[SourceQuality "1"]
[TimeControl "40/5400+30:1800+30"]

1. d4 Nf6 2. c4 e6 3. Nc3 Bb4 4. Qc2 Nc6 5. Nf3 d6 6. Bg5 e5 7. d5 Bxc3+ 8. Qxc3 Nb8 9. e3 Nbd7 10. Be2 h6 11. Bxf6 Nxf6 12. Qc2 O-O 13. O-O a5 14. Rfd1 Nd7 15. Bd3 Nc5 16. Bf5 Bd7 17. b3 b6 18. Bxd7 Qxd7 19. a3 f5 20. b4 Ne4 21. Nd2 Nxd2 22. Qxd2 f4 23. f3 Qa4 24. Qc3 fxe3 25. b5 Rf4 26. Rac1 Raf8 27. Re1 Rd4 28. Rxe3 Rff4 29. Re4 Rfxe4 30. fxe4 Rd1+ 31. Rxd1 Qxd1+ 32. Kf2 Qg4 33. Qe3 Qd1 34. Qc3 Qb1 35. Qh3 Qc2+ 36. Kf3 Qd3+ 37. Kf2 Qd2+ 38. Kf1 Qc1+ 39. Kf2 Qc2+ 40. Kf3 Qc3+ 41. Kf2 Qd4+ 42. Kf3 Qd3+ 43. Kf2 Qd2+ 44. Kf1 Qf4+ 45. Kg1 Qxe4 46. Qc8+ Kh7 47. h3 Qe3+ 48. Kh1 Qc1+ 49. Kh2 Qf4+ 50. Kh1 Qf7 51. Kg1 g6 52. Qd8 Kg7 53. a4 e4 54. Qh4 Qe8 55. Qf4 Qe7 56. Qe3 Qe5 57. Kh1 g5 58. h4 Kg6 59. hxg5 hxg5 60. g3 Kf5 61. Qf2+ Kg6 62. Qe3 Qa1+ 63. Kg2 Qb2+ 64. Kh3 Qb1 65. Kg2 Qc2+ 66. Kh1 Qxc4 67. Qf2 Qxd5 68. Qc2 Kh6 69. Qh2+ Kg7 70. Qb2+ Kf7 71. Qf2+ Kg6 72. Qc2 Kf5 73. Qf2+ Ke5 74. Qf8 e3+ 75. Kh2 Kd4 76. Qg7+ Qe5 77. Qxc7 Qc5 78. Qg7+ Kd3 79. Qg6+ Kd2 80. Qb1 e2 81. Qb2+ Ke3 82. Qb3+ Kd2 83. Qb2+ Qc2 84. Qd4+ Qd3 85. Qb2+ Ke3 86. Qc1+ Qd2 87. Qa3+ Ke4 88. Kh3 e1=Q 0-1

[Event "Czech Youth U14 Boys 2024"]
[Site "Kouty nad Desnou"]
[Date "2024.03.10"]
[Round "2.7"]
[White "Stary, Vojtech"]
[Black "Gregor, Alexandr"]
[Result "1-0"]
[ECO "E06"]
[WhiteElo "1950"]
[BlackElo "1777"]
[Annotator "RC"]
[PlyCount "63"]
[EventDate "2024.03.10"]
[EventType "swiss"]
[EventCountry "CZE"]
[SourceTitle "playchess.com"]
[Source "ChessBase"]
[SourceQuality "1"]
[TimeControl "40/5400+30:1800+30"]

1. d4 Nf6 2. Nf3 d5 3. c4 e6 4. g3 Be7 5. Bg2 O-O 6. O-O c6 7. Nc3 Nbd7 8. b3 b6 9. Bb2 Ba6 10. cxd5 cxd5 11. Rc1 Rc8 12. a3 Bd6 13. Nd2 Qe7 14. Ndb1 b5 15. Qd3 e5 16. Nxd5 Nxd5 17. Bxd5 Nf6 18. dxe5 Bxe5 19. Bxe5 Qxe5 20. Bf3 Qe6 21. b4 g6 22. Rfd1 Rxc1 23. Rxc1 Rc8 24. Rxc8+ Qxc8 25. Qc3 Qf5 26. Nd2 Bc8 27. Nb3 Be6 28. Nc5 Kg7 29. Ne4 Bc4 30. Nd6 Qb1+ 31. Kg2 Be6 32. Ne8+ 1-0